 Dungeon Crawl Stone Soup version 0.26.1-15-g04117e645d (webtiles) character file.

Game seed: 4199241773945908016

179 tkbsonic5 the Bolt Thrower (level 5, -1/30 HPs)
             Began as a Kobold Arcane Marksman on Dec 4, 2022.
             Slain by Grinder (3 damage)
             ... on level 3 of the Dungeon.
             The game lasted 00:11:18 (3318 turns).

tkbsonic5 the Bolt Thrower (Kobold Arcane Marksman) Turns: 3318, Time: 00:11:19

Health: -1/30      AC:  2    Str:  8    XL:     5   Next: 90%
Magic:  6/7        EV: 16    Int: 14    God:
Gold:   163        SH:  0    Dex: 16    Spells: 1/7 levels left

rFire    . . .     SeeInvis .   l - +1 short sword (venom)
rCold    . . .     Faith    .   (shield restricted)
rNeg     . . .     Spirit   .   e - +0 robe
rPois    .         Reflect  .   (no helmet)
rElec    .         Harm     .   (no cloak)
rCorr    .         Rampage  .   (no gloves)
Will     .....                  (no boots)
Stlth    +++.......             (no amulet)
HPRegen  0.10/turn              (no ring)
MPRegen  0.10/turn              (no ring)

@: attractive
A: small, nightstalker 3
a: no special abilities


You were on level 3 of the Dungeon.
You visited 1 branch of the dungeon, and saw 3 of its levels.

You collected 163 gold pieces.

Inventory:

Hand Weapons
 a - a +0 hand crossbow
 i - a +4 dagger of venom
 l - a +1 short sword of venom (weapon)
 p - a +0 hunting sling
Missiles
 b - 23 arrows
 k - 53 sling bullets
Armour
 e - a +0 robe (worn)
 g - a +0 leather armour
 h - a +0 ring mail
 m - a +1 kite shield of protection
Scrolls
 o - a scroll of remove curse


   Skills:
 + Level 1.8 Fighting
 * Level 1.8 Short Blades
 * Level 3.7 Crossbows
 * Level 3.3 Dodging
 * Level 3.2 Stealth
 + Level 1.9 Spellcasting
 + Level 3.3 Hexes
 * Level 1.0 Translocations


You had one spell level left.
You knew the following spells:

 Your Spells              Type           Power        Failure   Level
a - Corona                Hex            11%          6%          1
b - Slow                  Hex            10%          10%         2
c - Portal Projectile     Hex/Tloc       14%          30%         3

Your spell library contained the following spells:

 Spells                   Type           Power        Failure   Level
 Inner Flame              Hex/Fire       6%           36%         3
 Cause Fear               Hex            5%           52%         4
 Leda's Liquefaction      Hex/Erth       3%           77%         4


Dungeon Overview and Level Annotations

Branches:
Dungeon (3/15)

Altars:

Annotations:
D:3 Grinder


Innate Abilities, Weirdness & Mutations

You are small and have problems with some larger weapons.
You are completely attuned to the shadows.


Message History

Aiming: Slow (safe; 10% risk of failure)
Press: ? - help, Shift-Dir - straight line, f - Grinder
Aim: Grinder (translocational energy, moderately wounded, very poisoned, chance to affect: 46%) Grinder seems to slow down.
The quokka zombie closely misses you.
You hit Grinder.
Grinder is moderately wounded.
The quokka zombie bites you. Grinder hits you.
You hit Grinder but do no damage.
Grinder is moderately wounded.
The quokka zombie barely misses you. Grinder hits you!
* * * LOW HITPOINT WARNING * * *
You writhe in agony.
* * * LOW HITPOINT WARNING * * *
Grinder says, "FISH!"
You hit Grinder but do no damage.
Grinder is moderately wounded.
The quokka zombie barely misses you. Grinder hits you.
* * * LOW HITPOINT WARNING * * *
You writhe in agony.
You die...

*,* ***,******,*********,******
*,* *,,,,,,,,,,,,,,,,,,,,,,,* *
*,* *,*,****,,,,,*******,**,* *
*,* *,*,* **,,,** *,**,* *
***,***,*,* **,** *,**,***
*,,,,,,,,,* *,* *,,,,,,,
*,**,,,,,** *,* ****,***
*,**,,,,,* ##+## *,* *,*,..$.,*
##Z@.## **,* *,*,....,*
##..5..## ***,,* *,,,....,*
##.......## **,,,,*
****...(####.........#***,,,,**
,,,,...((((†.........+,,,,,,,,*
****....####.........#***,,,*,*
*,,,...#* ##.......## **,**,*
*,*,...,* ##.....## ****,*
*,*,##*,* ##...## *,*


You could see Grinder (poisoned, slow) and a quokka zombie.

Vanquished Creatures
  A scorpion (D:3)
  A centaur skeleton (D:3)
  A hound zombie (D:3)
  An adder (D:2)
  An ooze (D:1)
  An adder zombie (D:3)
  A worm (D:2)
  2 dart slugs
  4 leopard geckos (D:1)
  2 giant cockroaches
  7 goblins
  7 hobgoblins
  3 jackals (D:3)
  6 kobolds
  A quokka (D:2)
  A ball python (D:1)
  10 bats
  A frilled lizard (D:3)
  A leopard gecko zombie (D:3)
  4 rats
56 creatures vanquished.

Notes
Turn   | Place    | Note
-------+----------+-------------------------------------------
     0 | D:1      | tkbsonic5 the Kobold Arcane Marksman began the quest for
                  | the Orb.
     0 | D:1      | Reached XP level 1. HP: 12/12 MP: 2/2
     7 | D:1      | Noticed a hog
     7 | D:1      | Noticed a swamp worm
     7 | D:1      | Noticed a wyvern
    35 | D:1      | Noticed a black mamba
   225 | D:1      | Reached skill level 1 in Stealth
   225 | D:1      | Reached XP level 2. HP: 16/16 MP: 3/3
   404 | D:1      | Learned a level 2 spell: Slow
   561 | D:1      | Reached XP level 3. HP: 20/20 MP: 2/4
  1768 | D:2      | Reached XP level 4. HP: 16/25 MP: 6/6
  2689 | D:2      | Learned a level 3 spell: Portal Projectile
  2842 | D:3      | Reached skill level 1 in Short Blades
  2842 | D:3      | Reached XP level 5. HP: 21/30 MP: 1/7
  3260 | D:3      | Noticed Grinder
  3302 | D:3      | Paralysed by Grinder for 4 turns
  3303 | D:3      | Reached skill level 1 in Translocations
  3318 | D:3      | Slain by Grinder

Illustrated notes

Levels and vault maps discovered:
D:1:      onia_arrival_zoo_common, layout_loops_ring, roderic_three_in_a_row
D:2:      layout_basic
D:3:      layout_loops_corners, nzn_hepliaklqana_mist_gate, serial_undead,
          serial_undead_c, serial_undead_b, serial_undead_d, serial_undead_e,
          uniq_grinder

Skill      XL: |  1  2  3  4  5 |
---------------+----------------+-----
Stealth        | 1 2 3 |  3.2
Crossbows      | 3 |  3.7
Short Blades   | 1 |  1.8
Dodging        | 3 |  3.3
Translocations | 1 |  1.0
Fighting       | |  1.8
Spellcasting   | |  1.9
Hexes          | |  3.3

Action                   |  1- 3 |  4- 6 || total
-------------------------+-------+-------++-------
Melee: Dagger            |    10 |    25 ||    35
       Short sword       |       |    19 ||    19
 Fire: Hand crossbow     |    59 |    21 ||    80
 Cast: Corona            |    20 |     4 ||    24
       Slow              |    10 |    14 ||    24
  Use: Scroll            |     3 |     2 ||     5
       Potion            |       |     4 ||     4
 Stab: Sleeping          |     2 |     2 ||     4
Armor: Robe              |     2 |     9 ||    11
Dodge: Dodged            |    26 |    42 ||    68
